 Dungeon Crawl Stone Soup version 0.23-a0-54-gae6112e (webtiles) character file.

7261 Amnesiac the Zephyrmancer (level 10, -2/63 HPs)
             Began as a Mummy Air Elementalist on Aug 8, 2018.
             Was an Elder of Sif Muna.
             Slain by an unseen horror (6 damage)
             ... on level 10 of the Dungeon.
             The game lasted 00:19:50 (11832 turns).

Amnesiac the Zephyrmancer (Mummy Air Elementalist) Turns: 11832, Time: 00:19:50

Health: -2/63      AC:  8    Str: 12    XL:     10   Next: 88%
Magic:  0/23       EV: 11    Int: 17    God:    Sif Muna [****..]
Gold:   867        SH:  0    Dex: 13    Spells: 10/27 levels left

rFire    x . .     SeeInvis .   a - +0 scimitar
rCold    + . .     Gourm    .   (no shield)
rNeg     + + +     Faith    .   r - +1 leather armour {rPois}
rPois    ∞         Spirit   .   m - +0 helmet
rElec    .         Reflect  .   t - +0 cloak
rCorr    .         Harm     .   (no gloves)
MR       ++...                  j - +0 pair of boots
Stlth    ++........             (no amulet)
HPRegen  0.20/turn              i - +1 ring of protection
MPRegen  0.18/turn              p - ring of protection from magic

@: about to teleport, no casting
A: no food or potions, fire vulnerability, cold resistance 1, negative energy
resistance 3, torment resistance, unbreathing
a: Stop Divine Energy, Channel Magic, Forget Spell, Renounce Religion


You were on level 10 of the Dungeon.
You worshipped Sif Muna.
Sif Muna was greatly pleased with you.
You were not hungry.

You visited 2 branches of the dungeon, and saw 11 of its levels.
You also visited: Sewer.

You collected 879 gold pieces.
You spent 12 gold pieces at shops.

Inventory:

Hand Weapons
 a - a +0 scimitar (weapon)
 b - a +1 blowgun
 u - a +1 dagger of protection
Missiles
 l - 43 poisoned needles
Armour
 g - a +2 shield
 j - a +0 pair of boots (worn)
 m - a +0 helmet (worn)
 r - a +1 leather armour of poison resistance (worn)
 t - a +0 cloak (worn)
Jewellery
 i - a +1 ring of protection (left hand)
 p - a ring of protection from magic (right hand)
 x - an uncursed ring of resist corrosion
Wands
 d - a wand of enslavement (13)
 h - a wand of acid (11)
 n - a wand of polymorph (17)
 v - a wand of paralysis (16)
 w - a wand of clouds (3)
Scrolls
 c - 3 scrolls of enchant armour {!r}
 e - 5 scrolls of remove curse {!r}
 f - 2 scrolls of teleportation {!r}
 k - 4 scrolls of identify {!r}
 o - 2 scrolls of amnesia {!r}
 q - a scroll of silence {!r}
 s - 2 scrolls of magic mapping {!r}


   Skills:
 - Level 1.5 Dodging
 - Level 1.5 Stealth
 + Level 9.1 Spellcasting
 * Level 9.2 Conjurations
 * Level 9.3 Air Magic


You had 10 spell levels left.
You knew the following spells:

 Your Spells              Type           Power        Failure   Level  Hunger
a - Airstrike             Air            #####.....   2%          4    N/A
b - Lightning Bolt        Conj/Air       #####.....   8%          5    N/A
d - Shock                 Conj/Air       ####         1%          1    N/A
e - Mephitic Cloud        Conj/Pois/Air  ####....     2%          3    N/A
v - Blink                 Tloc           N/A          19%         2    N/A
z - Swiftness             Chrm/Air       ###.....     2%          2    N/A

Your spell library contained the following spells:

 Spells                   Type           Power        Failure   Level  Hunger
 Magic Dart               Conj           ####         1%          1    N/A
 Conjure Flame            Conj/Fire      ###.....     5%          3    N/A
 Slow                     Hex            #.......     19%         2    N/A
 Call Imp                 Summ           #.......     19%         2    N/A
 Static Discharge         Conj/Air       #####...     1%          3    N/A

Dungeon Overview and Level Annotations

Branches:
Dungeon (10/15)            Temple (1/1) D:6
   Lair: D:8-11         Orc: D:9-12

Altars:
Ashenzari
Cheibriados
Dithmenos
Elyvilon
Fedhas
Gozag
Hepliaklqana
Kikubaaqudgha
Makhleb
Nemelex Xobeh
Okawaru
Qazlal
Ru
Sif Muna
Trog
Uskayaw
Vehumet
Wu Jian
Xom
Yredelemnul
Zin
The Shining One

Shops:
D:5 !   D:6 ?


Innate Abilities, Weirdness & Mutations

You do not eat or drink.
Your flesh is vulnerable to fire.
You are immune to poison.
Your flesh is cold resistant. (rC+)
You are immune to negative energy. (rN+++)
You are immune to unholy pain and torment.
You can survive without breathing.


Message History

You start resting.
Magic restored.
You start resting.
HP restored.
You now have 867 gold pieces (gained 18).
Something hits you.
Deactivating autopickup; reactivate with Ctrl-A.
There is a strange disturbance nearby!
Casting: Mephitic Cloud (safe; 2% risk of failure)
Confirm with . or Enter, or press ? or * to list all spells.
Aiming: Airstrike (safe; 2% risk of failure)
Press: ? - help, Dir - move target cursor The air twists around and strikes something!
Something hits you.
Casting: Airstrike (safe; 2% risk of failure)
Confirm with . or Enter, or press ? or * to list all spells.
Aiming: Airstrike (safe; 2% risk of failure)
Press: ? - help, Dir - move target cursor The air twists around and strikes something!
Something hits you.
Casting: Airstrike (safe; 2% risk of failure)
Confirm with . or Enter, or press ? or * to list all spells.
Aiming: Airstrike (safe; 2% risk of failure)
Press: ? - help, Dir - move target cursor The air twists around and strikes something!
Something hits you!
* * * LOW HITPOINT WARNING * * *
Something hits you but does no damage. Something hits you.
* * * LOW HITPOINT WARNING * * *
Casting: Airstrike (safe; 2% risk of failure)
Confirm with . or Enter, or press ? or * to list all spells.
Aiming: Airstrike (safe; 2% risk of failure)
Press: ? - help, Dir - move target cursor The air twists around and strikes something!
Something hits you but does no damage. x2
Something hits you.
* * * LOW HITPOINT WARNING * * *
Casting: Airstrike (safe; 2% risk of failure)
Confirm with . or Enter, or press ? or * to list all spells.
Aiming: Airstrike (safe; 2% risk of failure)
Press: ? - help, Dir - move target cursor The spell fizzles.
Something hits you.
* * * LOW HITPOINT WARNING * * *
Casting: Airstrike (safe; 2% risk of failure)
Confirm with . or Enter, or press ? or * to list all spells.
Aiming: Airstrike (safe; 2% risk of failure)
Press: ? - help, Dir - move target cursor You miscast Airstrike.
Sif Muna protects you from the effects of your miscast!
Something hits you!
* * * LOW HITPOINT WARNING * * *
Casting: Airstrike (safe; 2% risk of failure)
Confirm with . or Enter, or press ? or * to list all spells.
Aiming: Airstrike (safe; 2% risk of failure)
Press: ? - help, Dir - move target cursor The air twists around and strikes something!
Sif Muna grants you divine energy.
You briefly lose access to your magic!
Something hits you.
* * * LOW HITPOINT WARNING * * *
Okay, then.
Really read
f - 3 scrolls of teleportation {!r}?
As you read the scroll of teleportation {!r}, it crumbles to dust.
You feel strangely unstable. Something hits you.
You die...

#...#...#
#...#...#
#...#...#
#..$#...#
#...#...# .###
#...#...# .....
#...#...#
.....###.......#
..........##@..#
##......##...#
#......##......
#.###..##.......#
# #..##..##....
#..##..# ....
#..##..# ...
#..##..# .#
#..##..#


There were no monsters in sight!

Vanquished Creatures
  3 two-headed ogres
  An unseen horror (D:7)
  Pikel (D:6)
  Psyche (D:8)
  A troll (D:9)
  Eustachio (D:6)
  An orc warrior (D:8)
  A sky beast (D:7)
  2 black bears
  A hornet zombie (D:7)
  An ice beast (D:8)
  3 phantoms
  A slave (D:6)
  8 ogres
  4 centaurs
  6 big kobolds (Sewer)
  3 bullfrogs (D:7)
  2 scorpions
  A wight (D:7)
  4 killer bees (D:9)
  5 hounds
  A centaur zombie (D:7)
  4 orc priests
  A gnoll shaman (D:5)
  Natasha (thrice) (D:3)
  5 orc wizards
  6 worker ants
  A hound zombie (D:7)
  Robin (D:2)
  2 worker ant zombies (D:5)
  4 gnolls (D:5)
  10 adders
  8 river rats
  2 shadow imps (D:5)
  5 oozes (Sewer)
  An adder zombie (D:6)
  2 adder skeletons
  7 worms
  3 dart slugs
  3 leopard geckos
  16 orcs
  2 ball pythons
  6 giant cockroaches
  7 goblins (D:2)
  9 hobgoblins
  10 jackals
  6 quokkas
  8 bats
  2 frilled lizards
  A jackal skeleton (D:5)
  10 kobolds
  A quokka skeleton (D:6)
  3 quokka zombies
  27 rats
228 creatures vanquished.

Vanquished Creatures (others)
  An orc wizard (D:6)
  An orc (D:6)
2 creatures vanquished.

Grand Total: 230 creatures vanquished

Notes
Turn   | Place    | Note
-------+----------+-------------------------------------------
     0 | D:1      | Amnesiac the Mummy Air Elementalist began the quest for the Orb.
     0 | D:1      | Reached XP level 1. HP: 13/13 MP: 4/4
    86 | D:1      | You fall through a shaft!
   122 | D:2      | Reached skill level 1 in Conjurations
   122 | D:2      | Reached XP level 2. HP: 10/19 MP: 0/5
   225 | D:2      | Learned a level 2 spell: Swiftness
   411 | D:3      | Noticed Natasha
   484 | D:3      | Reached XP level 3. HP: 16/24 MP: 0/7
   791 | D:5      | Entered Level 5 of the Dungeon
   884 | D:4      | Noticed an ogre
   891 | D:4      | Killed an ogre
   891 | D:4      | Reached XP level 4. HP: 30/30 MP: 3/8
   908 | D:4      | Noticed an ogre
   914 | D:4      | Killed an ogre
   914 | D:4      | Reached XP level 5. HP: 30/35 MP: 6/10
  1037 | D:4      | Learned a level 3 spell: Mephitic Cloud
  1040 | D:4      | Learned a level 2 spell: Blink
  1045 | D:4      | Learned a level 4 spell: Airstrike
  1539 | D:4      | Reached XP level 6. HP: 14/41 MP: 4/11
  1812 | D:4      | Found an iron altar of Okawaru.
  1978 | D:5      | Found a shimmering altar of Xom.
  1987 | D:5      | Found Sebyejoig's Distillery.
  2301 | D:5      | Reached XP level 7. HP: 36/46 MP: 4/13
  3006 | D:6      | Reached skill level 5 in Air Magic
  3094 | D:6      | Found a glowing drain.
  3099 | Sewer    | Entered a sewer
  3141 | Sewer    | Learned a level 1 spell: Shock
  3247 | Sewer    | Reached skill level 5 in Conjurations
  3394 | Sewer    | Reached skill level 5 in Spellcasting
  3398 | Sewer    | Reached XP level 8. HP: 44/52 MP: 3/15
  3464 | Sewer    | Learned a level 5 spell: Lightning Bolt
  3939 | D:6      | Found Maelued's Magic Scroll Shoppe.
  3947 | D:6      | Bought a scroll of random uselessness for 12 gold pieces
  4599 | D:6      | Found a white marble altar of Elyvilon.
  4643 | D:6      | Noticed Pikel
  4657 | D:6      | Killed Pikel
  4657 | D:6      | Reached XP level 9. HP: 21/57 MP: 6/18
  4852 | D:6      | Found a staircase to the Ecumenical Temple.
  4858 | Temple   | Entered the Ecumenical Temple
  4885 | Temple   | Became a worshipper of Sif Muna the Loreminder
  5062 | D:2      | Noticed Robin
  5079 | D:2      | Killed Robin
  6097 | D:2      | You fall through a shaft!
  6122 | D:3      | Found a shattered altar of Ashenzari.
  6646 | D:3      | Killed Natasha
  7626 | D:3      | Noticed Natasha
  7628 | D:3      | Killed Natasha
  7696 | D:3      | Found a shattered altar of Ashenzari.
  7728 | D:3      | Noticed Natasha
  7731 | D:3      | Killed Natasha
  8264 | D:6      | Noticed Eustachio
  8272 | D:6      | Killed Eustachio
  8272 | D:6      | Reached * piety under Sif Muna
  8492 | D:6      | Found a faded altar of an unknown god.
  8492 | D:6      | Found a faded altar of an unknown god.
  8497 | D:6      | Found an ornate altar of the Wu Jian Council.
  8499 | D:6      | Found a burning altar of Makhleb.
  8513 | D:6      | Found a white marble altar of Elyvilon.
  9655 | D:7      | Killed an unseen horror
  9655 | D:7      | Reached ** piety under Sif Muna
  9895 | D:7      | Noticed a two-headed ogre
  9903 | D:7      | Killed a two-headed ogre
  9903 | D:7      | Reached XP level 10. HP: 60/63 MP: 0/22
 10588 | D:8      | Noticed a two-headed ogre
 10594 | D:8      | Killed a two-headed ogre
 10594 | D:8      | Reached *** piety under Sif Muna
 10808 | D:8      | Noticed a two-headed ogre
 10811 | D:8      | Noticed Psyche
 10826 | D:7      | Killed a two-headed ogre
 11117 | D:8      | Killed Psyche
 11416 | D:8      | Reached **** piety under Sif Muna
 11584 | D:10     | Entered Level 10 of the Dungeon
 11832 | D:10     | Slain by an unseen horror

Vault maps used:
D:1:      ebering_hopf_link
D:2:      uniq_robin
D:3:      grunt_decor_mini_mirrors, cheibrodos_ashenzari_chains, uniq_natasha
D:4:      cheibrodos_helix_gallery, okawaru_metal_pillars_1_2, eino_tiny_chamber
D:5:      xom_teletrap_fun, first_ration, serial_shops,
          nicolae_shop_statue_plus, kb_lookout_dungeons_type
D:6:      chequers_temple_overflow_minitemple,
          minmay_temple_entry_enclosed_plants, serial_shops, shop,
          portal_sewer_entry_e, basic_altar, uniq_eustachio, uniq_pikel
D:7:      minmay_klotski, dk_rats_in_the_wall
D:8:      uniq_psyche
D:9:      serial_ice, serial_ice_c, serial_ice_n, serial_ice_j, serial_ice_b,
          grunt_pizzeria, st_stairs_10, serial_bayou_pond_a,
          minmay_tree_intersection
D:10:     uniq_fannar, uniq_harold
Temple:   lightli_temple_of_artemis
Sewer:    sewer_co_tree

Skill      XL: |  1  2  3  4  5  6  7  8  9 10 |
---------------+-------------------------------+-----
Conjurations   | 1 2 3 4 5 6 8 9 |  9.2
Spellcasting   | 3 4 5 6 8 9 |  9.1
Air Magic      | 3 4 5 6 8 9 |  9.3
Dodging        | |  1.5
Stealth        | |  1.5

Action                   |  1- 3 |  4- 6 |  7- 9 | 10-12 || total
-------------------------+-------+-------+-------+-------++-------
Melee: Dagger            |    15 |   129 |    70 |       ||   214
       Long sword        |       |       |    42 |    17 ||    59
       Scimitar          |       |       |       |     9 ||     9
 Cast: Shock             |    28 |     9 |   216 |       ||   253
       Airstrike         |       |    15 |   107 |    77 ||   199
       Mephitic Cloud    |       |     7 |       |     2 ||     9
Invok: Divine Energy     |       |       |     1 |       ||     1
Evoke: Wand              |     1 |     3 |     1 |     1 ||     6
  Use: Scroll            |       |     4 |     7 |     3 ||    14
 Stab: Sleeping          |     1 |       |       |       ||     1
       Confused          |       |     4 |       |       ||     4
Armor: Robe              |     8 |    43 |    22 |       ||    73
       Leather armour    |       |       |    31 |    35 ||    66
Dodge: Dodged            |    23 |    55 |   138 |    55 ||   271
       Rpst.: Long sword |       |       |    11 |     8 ||    19
       Scimitar          |       |       |       |     5 ||     5

Table legend:
 A = Spawn XP
 B = Non-spawn XP
 C = Spawn XP percentage of total XP
 D = Spawn monster count
 E = Non-spawn monster count
 F = Spawn count percentage of total count
 G = Total turns spent on level
                    A         B        C        D         E        F      G
               +---------+---------+-------+---------+---------+-------+---------
         Total |       0 |   10373 |   0.0 |       0 |     227 |   0.0 | 11832
               +---------+---------+-------+---------+---------+-------+---------
           D:1 |       0 |      25 |   0.0 |       0 |      15 |   0.0 |   529
           D:2 |       0 |     108 |   0.0 |       0 |      32 |   0.0 |   903
           D:3 |       0 |     221 |   0.0 |       0 |      16 |   0.0 |  1714
           D:4 |       0 |     404 |   0.0 |       0 |      22 |   0.0 |  2065
           D:5 |       0 |     893 |   0.0 |       0 |      29 |   0.0 |  1476
           D:6 |       0 |    1441 |   0.0 |       0 |      14 |   0.0 |  1082
           D:7 |       0 |    4145 |   0.0 |       0 |      50 |   0.0 |  2057
           D:8 |       0 |    2000 |   0.0 |       0 |      16 |   0.0 |   862
           D:9 |       0 |     456 |   0.0 |       0 |       5 |   0.0 |    49
         Sewer |       0 |     680 |   0.0 |       0 |      28 |   0.0 |   808
               +---------+---------+-------+---------+---------+-------+---------
